 Dungeon Crawl Stone Soup version 0.29.1-2-gbd0b4ee654 (webtiles) character file.

Game seed: 14211351207992209525

30986 warriortoast the Unseen (level 13, 0/64 HPs)
             Began as a Spriggan Enchanter on Nov 21, 2022.
             Was an Elder of Fedhas.
             Engulfed by a cloud of flame (24 damage)
             ... in a volcano.
             The game lasted 01:06:24 (21415 turns).

warriortoast the Unseen (Spriggan Enchanter)       Turns: 21415, Time: 01:06:26

Health: 0/64       AC:  8    Str:  6    XL:     13   Next: 23%
Magic:  1/28       EV: 24    Int: 20    God:    Fedhas [****..]
Gold:   1154       SH:  0    Dex: 23    Spells: 16/33 levels left

rFire   . . .      SeeInvis +   a - +4 dagger (vorpal)
rCold   . . .      Faith    .   (no shield)
rNeg    . . .      Spirit   .   T - +1 robe "Cosit" {rPois Int+2}
rPois   +          Reflect  .   o - +2 hat {Will+}
rElec   .          Harm     .   x - +2 cloak
rCorr   .          Rampage  .   (gloves unavailable)
Will    +++..                   (boots unavailable)
Stlth   ++++++....              I - amulet of regeneration
HPRegen 1.00/turn               L - +6 ring of dexterity
MPRegen 0.21/turn               R - ring of flight

@: radiating poison, flying, very quick
A: very small, no large weapons, unfitting armour, see invisible, speed 3
a: Renounce Religion, Wall of Briars, Grow Ballistomycete, Overgrow


You were in a volcano.
You worshipped Fedhas.
Fedhas was greatly pleased with you.
You visited 3 branches of the dungeon, and saw 16 of its levels.
You also visited: Sewer and Volcano.

You collected 1154 gold pieces.

Inventory:

Hand Weapons
 a - a +4 vorpal dagger (weapon)
 e - a +0 shortbow
Armour
 o - a +2 hat of willpower (worn)
 x - a +2 cloak (worn)
 S - +0 steam dragon scales
 T - the +1 robe "Cosit" (worn) {rPois Int+2}
   (You found it on level 8 of the Dungeon)

   Int:       It affects your intelligence (+2).
   rPois:     It protects you from poison.
Jewellery
 k - a +4 ring of protection
 E - a ring of wizardry
 I - an amulet of regeneration (around neck)
 K - a ring of magical power
 L - a +6 ring of dexterity (left hand)
 P - a ring of poison resistance
 R - a ring of flight (right hand)
Wands
 g - a wand of paralysis (8)
 u - a wand of polymorph (6)
 w - a wand of flame (33)
 D - a wand of roots (9)
 H - a wand of mindburst (24)
Scrolls
 b - 6 scrolls of identify
 f - a scroll of amnesia
 j - 3 scrolls of enchant armour
 m - 6 scrolls of teleportation
 p - 4 scrolls of immolation
 t - 4 scrolls of enchant weapon
 y - 3 scrolls of butterflies
 A - a scroll of vulnerability
 B - 2 scrolls of fear
 F - 2 scrolls of poison
 J - a scroll of blinking
 V - a scroll of torment {unknown}
 X - a scroll of acquirement {unknown}
Potions
 c - a potion of invisibility
 d - 2 potions of brilliance
 h - 2 potions of ambrosia {unknown}
 i - 2 potions of heal wounds
 l - 3 potions of attraction
 n - 11 potions of curing
 q - 2 potions of magic
 s - 7 potions of flight
 v - 3 potions of might
 z - 4 potions of berserk rage
 M - 2 potions of lignification
 O - a potion of cancellation
Miscellaneous
 W - a phial of floods (inert)


   Skills:
 + Level 5.5 Fighting
 + Level 7.2 Short Blades
 + Level 8.7 Ranged Weapons
 - Level 8.0 Dodging
 - Level 15.0 Stealth
 + Level 10.9 Spellcasting
 - Level 10.0 Hexes
 + Level 6.4 Translocations
 - Level 5.0 Transmutations
 + Level 5.9 Poison Magic
 + Level 4.1 Invocations
 - Level 5.0 Evocations


You had 16 spell levels left.
You knew the following spells:

 Your Spells              Type           Power      Damage    Failure   Level
a - Ensorcelled Hibernat  Hex/Ice        60%        N/A       1%          2
b - Confusing Touch       Hex            50%        N/A       1%          3
c - Tukima's Dance        Hex            50%        N/A       1%          3
d - Ignite Poison         Fire/Tmut/Pois 25%        N/A       4%          3
e - Olgreb's Toxic Radia  Pois           34%        N/A       5%          4
f - Blink                 Tloc           72%        N/A       1%          2

Your spell library contained the following spells:

 Spells                   Type           Power      Damage    Failure   Level
 Sting                    Tmut/Pois      100%       1d8       1%          1
 Lesser Beckoning         Tloc           36%        N/A       1%          3
 Poisonous Vapours        Pois/Air       44%        N/A       2%          2
 Dazzling Flash           Conj/Hex       60%        N/A       2%          3
 Passwall                 Tmut/Erth      16%        N/A       3%          2
 Manifold Assault         Tloc           36%        N/A       12%         5
 Conjure Flame            Conj/Fire      10%        6-21      19%         3
 Swiftness                Air            10%        N/A       19%         3
 Sticky Flame             Conj/Fire      10%        2d3       54%         4
 Borgnjor's Revivificati  Necr           5%         N/A       100%        8
 Necromutation            Tmut/Necr      10%        N/A       100%        8
 Death's Door             Necr           5%         N/A       100%        9


Dungeon Overview and Level Annotations

Branches:
Dungeon (12/15)            Temple (1/1) D:4            Lair (3/5) D:9
  Swamp (0/4) Lair:2        Snake (0/4) Lair:3          Orc (0/2) D:12
  Sewer (visited)         Volcano (1/1)

Altars:
Ashenzari
Cheibriados
Dithmenos
Elyvilon
Fedhas
Gozag
Hepliaklqana
Kikubaaqudgha
Makhleb
Nemelex Xobeh
Okawaru
Qazlal
Ru
Sif Muna
Trog
Uskayaw
Vehumet
Wu Jian
Xom
Yredelemnul
Zin
The Shining One

Shops:
D:1 [   D:3 (


Innate Abilities, Weirdness & Mutations

You are very small and have problems with some larger weapons.
You are too small for most types of armour.
You have supernaturally acute eyesight. (SInv)
You cover ground extremely quickly. (Speed+++)


Message History

Casting: Ignite Poison (dangerous; 4% risk of failure)
Confirm with . or Enter, or press ? or * to list all spells.
You begin to radiate toxic energy.
The steam dragon is poisoned.
The steam dragon breathes steam at you. The ball of steam hits you!!
You hear a roar!
Casting: Olgreb's Toxic Radiance (dangerous; 5% risk of failure)
Confirm with . or Enter, or press ? or * to list all spells.
You can't see any susceptible monsters within range! (Use Z to cast anyway.)
Your toxic aura wanes.
The steam dragon breathes steam at you. The ball of steam hits you!
The air gets thick with the scent of sulphur.
Casting: Olgreb's Toxic Radiance (dangerous; 5% risk of failure)
Confirm with . or Enter, or press ? or * to list all spells.
You begin to radiate toxic energy.
The steam dragon hisses angrily.
The steam dragon is poisoned.
You kill the steam dragon!
Fedhas appreciates your contribution to the ecosystem.
Unknown command.
You start resting.
Your toxic aura wanes.
Casting: Olgreb's Toxic Radiance (dangerous; 5% risk of failure)
Confirm with . or Enter, or press ? or * to list all spells.
You begin to radiate toxic energy.
The lindwurm is poisoned.
The volcano roars to life, belching forth lava!
You are engulfed in blazing flames.
The lindwurm looks even sicker.
The lindwurm is engulfed in blazing flames.
The lindwurm breathes flames at you.
The blast of flame hits you but does no damage.
Casting: Olgreb's Toxic Radiance (dangerous; 5% risk of failure)
Confirm with . or Enter, or press ? or * to list all spells.
You ignite the poison in your surroundings!
The lindwurm seems to burn from within!!!
You kill the lindwurm!
Fedhas appreciates your contribution to the ecosystem.
You are engulfed in blazing flames.
You die...
Fedhas appreciates your contribution to the ecosystem.

≈≈≈≈≈§§≈≈≈§..###++# #'# #.≈≈
≈≈≈≈§§§≈≈§§≈.#......#.# ..#..§
≈≈§§§§§≈≈≈§§.######.#.# ###.≈≈
≈≈§§§§§≈§§§≈.# #k# #.§≈
≈≈≈≈§§§≈§§§..# #.# #.§§
≈≈≈≈§§≈≈§§§≈.# #D# #.§§
≈§≈§≈§≈≈≈○≈..# #§# #..≈
§≈≈≈§§§§≈°○°○########○########.≈≈
§≈≈≈≈§≈§≈○○°○°○○@☼○○☼○○..§§......
≈≈≈≈§≈§§§○≈☼☼☼○☼○○○°☼☼○§.≈§§≈.≈≈§
§≈≈≈§≈≈≈≈○○○○○≈≈○○○○°≈○§§§§§§.≈≈§
§≈≈≈≈≈≈§§○§☼≈☼§○≈☼○○○○§○≈≈§§≈≈≈≈§
§§≈§≈≈§≈≈☼§§§☼○§≈§§§○○≈§≈≈≈≈§§≈§§
≈≈≈≈≈≈≈≈§○§≈§☼○§.○○≈○°○☼§§≈≈≈§§≈§
..≈§≈≈§≈§≈§§≈○○§...☼○○○≈≈≈≈≈≈§§§§
.....≈.≈.≈≈..○☼....○☼○○§§§.≈..§§§
.........§.....##.......§........


There were no monsters in sight!

Vanquished Creatures
  Gastronok (Lair:1)
  Snorg (D:12)
  3 hydras
  A death yak (D:9)
  2 two-headed ogres
  The ghost of skoleks the Cleaver, a novice GnBe of Trog (D:7)
  2 lindwurms
  An ugly thing (D:12)
  7 elephants
  A black mamba (Lair:2)
  A gargoyle (D:12)
  3 cane toads
  A torpor snail (Lair:1)
  2 unseen horrors (D:10)
  2 kobold demonologists
  4 komodo dragons
  The ghost of Golfball the Trooper, an amateur MiFi (D:5)
  4 trolls
  A hornet (D:8)
  3 slime creatures (D:12)
  3 dream sheep (Lair:1)
  4 blink frogs (Lair:1)
  A centaur simulacrum (D:12)
  3 wraiths
  Sigmund (D:3)
  2 shadows
  19 yaks
  A dancing weapon (D:11)
  4 basilisks
  6 fire bats (Volcano)
  Grum (Lair:1)
  4 steam dragons
  8 vampire mosquitoes
  Edmund (D:6)
  6 water moccasins
  Pargi (Sewer)
  2 black bears
  7 orc warriors
  3 sky beasts
  An ice beast (D:5)
  3 ogres
  A hornet zombie (D:7)
  3 centaurs
  12 wolves
  5 kobold brigands
  12 bullfrogs
  A gnoll sergeant (D:11)
  2 necrophages
  A wyvern zombie (D:7)
  A scorpion (D:6)
  A wight (D:8)
  19 killer bees
  6 electric eels (Lair:2)
  7 howler monkeys
  A centaur zombie (D:5)
  4 lava snakes (Volcano)
  7 hounds
  A centaur skeleton (D:5)
  8 orc priests
  Ijyb (D:5)
  7 iguanas
  5 orc wizards
  A howler monkey skeleton (D:5)
  A gnoll (D:11)
  9 adders
  A white imp (D:7)
  4 worms
  3 dart slugs
  36 orcs
  11 endoplasms
  5 giant cockroaches
  4 goblins
  6 hobgoblins
  5 jackals
  5 quokkas
  6 ball pythons
  9 bats
  7 frilled lizards
  16 kobolds
  6 rats
363 creatures vanquished.

Vanquished Creatures (collateral kills)
  A two-headed ogre (D:12)
  3 wights (D:4)
  2 gnolls (D:11)
  8 orcs
14 creatures vanquished.

Vanquished Creatures (others)
  5 dancing weapons
  A kobold (D:8)
  13 fungi
  8 plants
27 creatures vanquished.

Grand Total: 404 creatures vanquished

Notes
Turn   | Place    | Note
-------+----------+-------------------------------------------
     0 | D:1      | warriortoast the Spriggan Enchanter began the quest for the
                  | Orb.
     0 | D:1      | Reached XP level 1. HP: 9/9 MP: 5/5
    49 | D:1      | Found a faded altar of an unknown god.
   541 | D:1      | Reached XP level 2. HP: 7/13 MP: 6/6
   914 | D:1      | Learned a level 2 spell: Ensorcelled Hibernation
  1105 | D:1      | Reached XP level 3. HP: 7/16 MP: 8/8
  1308 | D:1      | Found Poxuy's Armour Emporium.
  1333 | D:1      | Reached skill level 5 in Stealth
  2103 | D:2      | You fall into a shaft and drop 2 floors!
  2107 | D:4      | Found the +8 longbow "Zephyr" {speed, Dex+3 SInv}
  2355 | D:3      | Noticed Sigmund
  2688 | D:3      | Found a glowing drain.
  2711 | D:3      | Reached XP level 4. HP: 21/21 MP: 1/10
  2713 | Sewer    | Entered a sewer
  2784 | Sewer    | Noticed Pargi
  2800 | Sewer    | Killed Pargi
  2801 | Sewer    | Reached XP level 5. HP: 7/24 MP: 5/11
  3382 | D:3      | Killed Sigmund
  3383 | D:3      | Reached skill level 6 in Stealth
  3383 | D:3      | Reached XP level 6. HP: 28/28 MP: 11/13
  3814 | D:3      | Reached skill level 5 in Hexes
  3934 | D:3      | Found Extouvvo's Weapon Shoppe.
  4443 | D:4      | Identified the +2 leather armour of the Blessed Realm
                  | {Contam rElec MP+9 Dex+4}
  4879 | D:3      | Learned a level 3 spell: Confusing Touch
  4883 | D:3      | Learned a level 3 spell: Tukima's Dance
  5201 | D:4      | Reached skill level 5 in Dodging
  5201 | D:4      | Reached XP level 7. HP: 32/32 MP: 12/15
  5252 | D:4      | Reached skill level 7 in Stealth
  5649 | D:4      | Found a staircase to the Ecumenical Temple.
  5659 | Temple   | Entered the Ecumenical Temple
  5907 | D:4      | Reached skill level 5 in Spellcasting
  6374 | D:5      | Entered Level 5 of the Dungeon
  6401 | D:5      | Noticed Ijyb
  6411 | D:5      | Killed Ijyb
  6525 | D:5      | Found a transporter.
  6661 | D:5      | Reached XP level 8. HP: 18/36 MP: 8/17
  6838 | D:5      | Found a transporter.
  6840 | D:5      | Noticed Golfball's ghost (amateur MiFi)
  6872 | D:5      | Reached skill level 8 in Stealth
  7689 | D:6      | Reached skill level 5 in Short Blades
  7835 | D:6      | Noticed Edmund
  7841 | D:6      | Killed Edmund
  7851 | D:6      | Reached skill level 9 in Stealth
  8028 | D:6      | Reached XP level 9. HP: 39/39 MP: 17/20
  8394 | D:7      | Noticed a two-headed ogre
  8745 | D:7      | Killed a two-headed ogre
  8746 | D:7      | Reached skill level 11 in Stealth
  8825 | D:7      | Reached skill level 1 in Fighting
  8825 | D:7      | Reached skill level 1 in Ranged Weapons
  9495 | D:7      | Found a runed translucent gate.
  9495 | D:7      | Found a runed translucent gate.
  9495 | D:7      | Found a runed translucent gate.
  9495 | D:7      | Noticed skoleks's ghost (novice GnBe)
  9498 | D:7      | Found a basalt altar of Yredelemnul.
  9662 | D:5      | Killed Golfball's ghost
  9663 | D:5      | Reached skill level 12 in Stealth
 10201 | D:7      | Killed skoleks's ghost
 10202 | D:7      | Reached XP level 10. HP: 49/49 MP: 23/23
 10208 | D:7      | Identified the +4 scale mail "Ymon Oca" {rElec rPois rF+
                  | Dex+4}
 11177 | D:8      | Reached skill level 13 in Stealth
 11677 | D:8      | Identified the +1 robe "Cosit" {rPois Int+2}
 12705 | D:9      | Noticed an elephant
 12719 | D:9      | Killed an elephant
 12720 | D:9      | Reached skill level 5 in Ranged Weapons
 12771 | D:9      | Found a staircase to the Lair.
 12773 | D:9      | Noticed a death yak
 12797 | D:9      | HP: 2/51 [death yak (11)]
 13022 | D:9      | Killed a death yak
 13023 | D:9      | Reached skill level 14 in Stealth
 13088 | D:9      | Learned a level 3 spell: Ignite Poison
 13115 | D:9      | Learned a level 4 spell: Olgreb's Toxic Radiance
 13329 | D:9      | Reached skill level 5 in Fighting
 13662 | D:10     | Entered Level 10 of the Dungeon
 13734 | D:10     | Reached skill level 1 in Transmutations
 13734 | D:10     | Reached XP level 11. HP: 52/55 MP: 21/24
 13761 | D:10     | Found a glowing silver altar of Zin.
 13778 | D:10     | Reached skill level 1 in Poison Magic
 13839 | D:10     | Found a snail-covered altar of Cheibriados.
 13841 | D:10     | Found a sparkling altar of Nemelex Xobeh.
 13842 | D:10     | Found a radiant altar of Vehumet.
 13842 | D:10     | Found a stormy altar of Qazlal.
 13842 | D:10     | Found a hide-covered altar of Uskayaw.
 13842 | D:10     | Found a hazy altar of Hepliaklqana.
 13843 | D:10     | Found a sacrificial altar of Ru.
 13844 | D:10     | Found an opulent altar of Gozag.
 13846 | D:10     | Found an iron altar of Okawaru.
 13847 | D:10     | Found a shimmering altar of Xom.
 14241 | D:10     | Found a blossoming altar of Fedhas.
 14251 | D:10     | Became a worshipper of Fedhas Madash
 14477 | D:11     | Noticed a two-headed ogre
 14489 | D:11     | Killed a two-headed ogre
 14772 | D:11     | Reached skill level 15 in Stealth
 14913 | D:11     | Reached * piety under Fedhas
 15641 | D:12     | Noticed a two-headed ogre
 15726 | D:12     | Killed a two-headed ogre
 15887 | D:12     | Noticed Snorg
 15890 | D:12     | Killed Snorg
 15891 | D:12     | Reached skill level 5 in Transmutations
 15945 | D:12     | Learned a level 2 spell: Blink
 16077 | D:12     | Reached skill level 1 in Translocations
 16100 | D:12     | Noticed a white ugly thing
 16111 | D:12     | Killed a white ugly thing
 16452 | D:12     | Reached ** piety under Fedhas
 16600 | D:12     | Reached XP level 12. HP: 60/60 MP: 26/26
 17053 | D:12     | Found a staircase to the Orcish Mines.
 17243 | Lair:1   | Entered Level 1 of the Lair of Beasts
 17246 | Lair:1   | Reached skill level 1 in Evocations
 17254 | Lair:1   | Reached skill level 1 in Invocations
 17492 | Lair:1   | Reached *** piety under Fedhas
 18025 | Lair:1   | Noticed a seven-headed hydra
 18028 | Lair:1   | Killed a seven-headed hydra
 18029 | Lair:1   | Reached skill level 10 in Hexes
 18038 | Lair:1   | Reached skill level 10 in Spellcasting
 18387 | Lair:1   | Noticed Gastronok
 18487 | Lair:1   | Killed Gastronok
 18488 | Lair:1   | Reached skill level 5 in Poison Magic
 18547 | Lair:1   | Noticed Grum
 18556 | Lair:1   | Killed Grum
 18927 | Lair:1   | Reached skill level 5 in Translocations
 19205 | Lair:1   | Found a blossoming altar of Fedhas.
 19645 | Lair:2   | Reached **** piety under Fedhas
 19834 | Lair:2   | Noticed a six-headed hydra
 20129 | Lair:2   | Killed a six-headed hydra
 20207 | Lair:2   | Reached XP level 13. HP: 55/63 MP: 11/28
 20437 | Lair:2   | Reached skill level 5 in Evocations
 20506 | Lair:2   | Found a staircase to the Swamp.
 21026 | Lair:3   | Found a dark tunnel.
 21048 | Volcano  | Entered a volcano
 21381 | Volcano  | Found a burning altar of Makhleb.
 21415 | Volcano  | Engulfed by a cloud of flame

Illustrated notes

Levels and vault maps discovered:
D:1:      amcnicky_arrival_gap_in_the_tavern_cellar, layout_basic, serial_shops,
          shop, dreamdust_ecumenical_altar_grove
D:2:      layout_basic
D:3:      layout_basic, serial_shops, nicolae_shop_behind_doors,
          cheibrodos_sewer_entry_bend, uniq_sigmund
D:4:      layout_gridville, minmay_temple_entry_drinking_statues, serial_rivers,
          chequers_serial_rivers_small_3, chequers_serial_rivers_micro_e,
          chequers_serial_rivers_micro_d, chequers_serial_rivers_room_b,
          chequers_serial_rivers_micro_c
D:5:      layout_loops_corners, gammafunk_ghost_mausoleum, uniq_ijyb
D:6:      layout_cave_pools, uniq_edmund
D:7:      layout_loops_corners, nicolae_yredelemnul_ghost_church,
          minmay_starry_boxes
D:8:      minmay_four_partial_circles, layout_layer_cave, amethyst_killhole,
          minmay_unpleasant_kobolds
D:9:      layout_loops_corners, david_lair_generic
D:10:     layout_small_grid, minitemple, fedhas_bush_and_centaur_altar,
          serial_bayou_pond_d
D:11:     layout_gridville, minmay_strange_pillars,
          eino_small_chamber_without_monster
D:12:     layout_stronghold, david_orc_5, minivault_1, uniq_snorg
Temple:   dpeg_three_leaves_temple
Lair:1:   beast_lair_carwin_large_2, layout_cave_pods, minmay_holes,
          hangedman_tree_tricks, uniq_grum, uniq_gastronok
Lair:2:   layout_regular_city, minmay_swamp_entry_eels, grunt_megastairs_2
Lair:3:   layout_chaotic_city, minmay_snake_entry_guardpost_small,
          nicolae_volcano_entry_vermiform, ebering_ghost_inner_flame,
          st_stairs_6, chequers_serial_rivers_small_b, worms_lemuel,
          serial_bayou_shore_a, lemuel_fruit_tree
Volcano:  volcano_lake [vl_original]

Skill      XL: |  1  2  3  4  5  6  7  8  9 10 11 12 13 |
---------------+----------------------------------------+-----
Dodging        | 3 4 5 6 7 8 |  8.0
Spellcasting   | 3 4 5 7 8 9 10 | 10.9
Hexes          | 4 5 6 7 8 9 10 | 10.0
Stealth        | 5 6 7 9 12 14 15 | 15.0
Short Blades   | 2 3 4 5 6 7 |  7.2
Fighting       | 3 5 |  5.5
Ranged Weapons | 3 6 7 8 |  8.7
Transmutations | 1 5 |  5.0
Poison Magic   | 4 5 |  5.9
Translocations | 2 5 6 |  6.4
Evocations     | 4 5 |  5.0
Invocations    | 3 4 |  4.1

Action                   |  1- 3 |  4- 6 |  7- 9 | 10-12 | 13-15 || total
-------------------------+-------+-------+-------+-------+-------++-------
Melee: Dagger            |    21 |       |   106 |   396 |    12 ||   535
       Short sword       |    90 |    95 |   153 |       |       ||   338
       Punch             |       |     1 |     4 |     5 |       ||    10
 Fire: Shortbow          |       |       |     3 |    15 |    18 ||    36
 Cast: Ensorcelled Hiber |    12 |    16 |    42 |    47 |    17 ||   134
       Tukima's Dance    |       |       |     7 |    19 |       ||    26
       Confusing Touch   |       |       |    28 |    78 |       ||   106
       Ignite Poison     |       |       |       |    31 |     8 ||    39
       Olgreb's Toxic Ra |       |       |       |    24 |     9 ||    33
Evoke: Wand              |     1 |     7 |       |    11 |     1 ||    20
       Phial of floods   |       |       |       |     1 |       ||     1
  Use: Scroll            |       |       |     7 |    16 |     7 ||    30
       Potion            |       |       |       |     1 |       ||     1
 Stab: Sleeping          |    22 |    25 |    29 |    46 |     9 ||   131
       Distracted        |     1 |     2 |     1 |     2 |       ||     6
       Invisible         |       |     1 |       |       |       ||     1
       Confused          |       |       |    25 |    67 |       ||    92
Armor: Robe              |    12 |    12 |    30 |    54 |     3 ||   111
       Steam dragon scal |       |       |       |     1 |       ||     1
Dodge: Dodged            |    85 |    51 |   164 |   356 |    25 ||   681
